 Dungeon Crawl Stone Soup version 0.28.0-62-gf88900778d (webtiles) character file.

Game seed: 9311347868205106960

12317 cbfl8 the Cleaver (level 11, -14/142 HPs)
             Began as a Minotaur Fighter on July 1, 2023.
             Was a High Priest of Okawaru.
             Demolished by a manticore (21 damage)
             ... summoned by Kirke
             ... on level 12 of the Dungeon on July 2, 2023.
             The game lasted 00:24:13 (17017 turns).

cbfl8 the Cleaver (Minotaur Fighter)               Turns: 17017, Time: 00:24:14

Health: -14/142    AC:  0    Str: 21    XL:     11   Next: 60%
Magic:  13/13      EV: 16    Int:  5    God:    Okawaru [*****.]
Gold:   761        SH:  5    Dex: 14    Spells: 10/10 levels left

rFire   + . .      SeeInvis .   (weapon currently unavailable)
rCold   + . .      Faith    .   (shield currently unavailable)
rNeg    . . .      Spirit   .   (armour currently unavailable)
rPois   +          Reflect  +   (helmet currently unavailable)
rElec   +          Harm     .   (cloak currently unavailable)
rCorr   +          Rampage  .   (gloves currently unavailable)
Will    .....                   (boots currently unavailable)
Stlth   ..........              h - amulet of reflection
HPRegen 0.33/turn               (ring currently unavailable)
MPRegen 0.13/turn               (ring currently unavailable)

@: berserking (expiring), pig-form, resistant, spiked, slowed, very quick
A: fast, no casting, small, (horns 2), (retaliatory headbutt)
a: Renounce Religion, Heroism, Finesse, Duel


You were on level 12 of the Dungeon.
You worshipped Okawaru.
Okawaru was extremely pleased with you.
You were a filthy swine.
You visited 2 branches of the dungeon, and saw 13 of its levels.

You collected 761 gold pieces.

Inventory:

Hand Weapons
 d - a +0 war axe of flaming
 s - the +9 broad axe of the Butterfly (melded) {vorpal, rCorr Dex+4}
   (Okawaru gifted it to you on level 12 of the Dungeon)

   It inflicts extra damage upon your enemies.
   Dex:       It affects your dexterity (+4).
   rCorr:     It protects you from acid and corrosion.
Armour
 c - a +0 buckler (melded)
 l - a +0 plate armour (melded)
 n - a +0 cloak (melded)
 o - a +0 pair of boots (melded)
Jewellery
 h - an amulet of reflection (around neck)
 t - a +4 ring of evasion (melded)
 w - the ring of the Thistle (melded) {rC+ MP+9}
   (You found it on level 8 of the Dungeon)

   [ring of magical power]

   rC:        It protects you from cold.
   MP:        It affects your magic capacity (+9).
 y - a ring of flight
Wands
 e - a wand of digging (9)
 q - a wand of iceblast (1) (quivered)
 A - a wand of flame (6)
Scrolls
 f - a scroll of magic mapping
 i - a scroll of fear
 m - a scroll of amnesia {unknown}
 v - 2 scrolls of silence
 x - a scroll of brand weapon
 B - a scroll of noise
 E - a scroll of enchant weapon
 H - a scroll of identify
Potions
 a - 2 potions of mutation
 b - a potion of berserk rage
 g - a potion of cancellation {unknown}
 k - a potion of attraction {unknown}
 p - 3 potions of ambrosia
 r - a potion of resistance
 u - 3 potions of lignification
 z - a potion of curing
 D - 2 potions of brilliance {unknown}
Miscellaneous
 j - a lightning rod (4/4)
 C - a phial of floods


   Skills:
 * Level 8.5 Fighting
 * Level 12.9 Axes
 + Level 8.9 Armour
 * Level 5.6 Dodging
 * Level 4.4 Stealth
 + Level 7.3 Shields
 * Level 4.4 Invocations
 * Level 6.2 Evocations


You had 10 spell levels left.
You didn't know any spells.
Your spell library contained the following spells:

 Spells                   Type           Power      Damage    Failure   Level
 Apportation              Tloc           0%         N/A       47%         1
 Magic Dart               Conj           0%         1d3       47%         1
 Blink                    Tloc           0%         N/A       63%         2
 Static Discharge         Conj/Air       0%         N/A       63%         2
 Sublimation of Blood     Necr           0%         N/A       63%         2
 Lesser Beckoning         Tloc           0%         N/A       85%         3
 Mephitic Cloud           Conj/Pois/Air  0%         N/A       85%         3
 Ozocubu's Armour         Ice            0%         N/A       85%         3
 Anguish                  Hex/Necr       0%         N/A       99%         4
 Petrify                  Tmut/Erth      0%         N/A       99%         4
 Irradiate                Conj/Tmut      0%         3d13      100%        5
 Lightning Bolt           Conj/Air       0%         1d11      100%        5
 Manifold Assault         Tloc           0%         N/A       100%        5
 Metabolic Englaciation   Hex/Ice        0%         N/A       100%        5
 Eringya's Noxious Bog    Tmut/Pois      0%         N/A       100%        6
 Statue Form              Tmut/Erth      0%         N/A       100%        6
 Enfeeble                 Hex            0%         N/A       100%        7
 Ozocubu's Refrigeration  Ice            0%         4d5       100%        7
 Maxwell's Capacitive Co  Air            0%         ∞         100%        8
 Animate Skeleton         Necr           Unusable   N/A       N/A         1
 Summon Small Mammal      Summ           Unusable   N/A       N/A         1
 Call Imp                 Summ           Unusable   N/A       N/A         2
 Tukima's Dance           Hex            Unusable   N/A       N/A         3
 Summon Forest            Summ/Tloc      Unusable   N/A       N/A         5
 Summon Hydra             Summ           Unusable   N/A       N/A         7

Dungeon Overview and Level Annotations

Branches:
Dungeon (12/15)            Temple (1/1) D:7            Lair (0/6) D:10
    Orc (0/2) D:12

Altars:
Ashenzari
Cheibriados
Dithmenos
Elyvilon
Fedhas
Gozag
Hepliaklqana
Kikubaaqudgha
Makhleb
Nemelex Xobeh
Okawaru
Qazlal
Ru
Sif Muna
Trog
Uskayaw
Vehumet
Wu Jian
Xom
Yredelemnul
Zin
The Shining One
Beogh

Shops:
D:1 (   D:5 (

Annotations:
D:4 2 transporters, wesleywilliam's ghost, novice MiBe
D:7 4 runed translucent doors
D:12 Kirke


Innate Abilities, Weirdness & Mutations

You are a filthy swine.
You move quickly.
Your equipment is almost entirely melded.
You are incapable of wielding weapons or throwing items.
You cannot cast spells.
((You have a pair of horns on your head.))
((You reflexively headbutt those who attack you in melee.))


Message History

You feel yourself moving faster!
You feel mighty!
You hear some strange, mumbled words.
You feel a momentary urge to oink.
You are too berserk!
You feel a strong urge to attack something.
Something hits you!
The manticore flicks its tail.
The volley of spikes hits you!
The barbed spikes become lodged in your body.
The barbs in your skin will harm you if you move.
Continue?
Okay, then.
The barbs in your skin will harm you if you move.
Continue? [Y]es or [N]o only, please.
The barbs in your skin will harm you if you move.
Continue?
Okay, then.
The barbs in your skin will harm you if you move.
Continue?
Okay, then.
The barbs in your skin will harm you if you move.
Continue?
Okay, then.
The barbs in your skin will harm you if you move.
Continue?
You bite something! You bite something!
The manticore flicks its tail.
The volley of spikes misses you.
You hear some strange, mumbled words.
Something summons a manticore!
You hit something. Something hits you.
The manticore flicks its tail.
The volley of spikes hits you!!
The barbed spikes become lodged in your body.
* * * LOW HITPOINT WARNING * * *
Unknown command.
You miss something. The manticore bites you!
* * * LOW HITPOINT WARNING * * *
You block the manticore's attack. The manticore claws you!
* * * LOW HITPOINT WARNING * * *
Something hits you!
* * * LOW HITPOINT WARNING * * *
You miss something. The manticore bites you!!
You die...

......######....###.......##
#.. ......#
#(....#..###...#####..
......#
##..##.#.####....##...#
÷.....##
#...##...###.........##
.###...##
#..####.###....#....## ##
##...###..# #.#....#####..#
##...#...####....### #..#
##.........#{...## #..#
##..........HhH### ##.#
##.........[...## #[##
###...#..........# ##..#
#..)####...##....# #...##
...## #...###...## ##....#
..## #..## ##...# ##......
.### #..# ##..## ##.......
...#####..# #...# ##........
..........##
##..#####.........


You could see 2 manticores.

Vanquished Creatures
  Erolcha (D:9)
  Sonja (D:12)
  An ugly thing (D:12)
  2 gargoyles
  Maggie (D:8)
  An unseen horror (D:5)
  A kobold demonologist (D:12)
  3 meliai (D:12)
  Prince Ribbit (D:9)
  5 slime creatures (D:12)
  3 wyverns (D:9)
  4 yaks
  5 hogs (D:12)
  A steam dragon (D:7)
  Menkaure (D:5)
  3 water moccasins
  An acid dragon (D:11)
  4 black bears
  12 orc warriors
  2 ogres
  3 centaurs
  3 necrophages
  A kobold brigand (D:9)
  4 scorpions
  3 wights (D:8)
  24 killer bees
  An electric eel (D:10)
  5 howler monkeys (D:7)
  3 centaur zombies
  A bullfrog zombie (D:5)
  2 hounds
  2 jellies
  5 orc priests
  4 iguanas
  9 orc wizards
  A killer bee zombie (D:8)
  A hound skeleton (D:4)
  2 howler monkey zombies
  4 gnolls
  A howler monkey skeleton (D:7)
  4 adders
  2 white imps
  An ufetubus (D:4)
  An adder skeleton (D:4)
  3 dart slugs
  52 orcs
  2 ball pythons
  3 bats
  4 endoplasms
  5 giant cockroaches
  8 goblins
  7 hobgoblins
  6 quokkas
  4 frilled lizards
  8 kobolds
  5 rats
247 creatures vanquished.

Vanquished Creatures (collateral kills)
  An ufetubus (D:5)
1 creature vanquished.

Vanquished Creatures (others)
  A kobold (D:4)
  9 fungi (D:10)
  5 plants
15 creatures vanquished.

Grand Total: 263 creatures vanquished

Notes
Turn   | Place    | Note
-------+----------+-------------------------------------------
     0 | D:1      | cbfl8 the Minotaur Fighter began the quest for the Orb.
     0 | D:1      | Reached XP level 1. HP: 19/19 MP: 0/0
    17 | D:1      | You fall into a shaft and drop 1 floor!
    91 | D:2      | Noticed a black bear
   139 | D:1      | Found a faded altar of an unknown god.
   252 | D:1      | Reached XP level 2. HP: 26/27 MP: 1/1
   282 | D:1      | Found Adooxtuce's Weapon Shoppe.
   695 | D:1      | Reached XP level 3. HP: 19/33 MP: 2/2
   829 | D:1      | Reached skill level 3 in Axes
   837 | D:2      | Reached skill level 1 in Evocations
   990 | D:2      | Reached XP level 4. HP: 40/40 MP: 3/3
  1326 | D:2      | Killed a black bear
  1327 | D:2      | Reached skill level 4 in Axes
  1327 | D:2      | Reached XP level 5. HP: 39/47 MP: 4/4
  2405 | D:4      | Found a transporter.
  2427 | D:4      | Reached skill level 1 in Dodging
  2654 | D:4      | Reached XP level 6. HP: 37/53 MP: 5/5
  2871 | D:4      | Found a transporter.
  2871 | D:4      | Noticed wesleywilliam's ghost (novice MiBe)
  2918 | D:4      | Found a shimmering blue altar of Sif Muna.
  2924 | D:4      | Reached skill level 5 in Axes
  2924 | D:4      | Reached skill level 5 in Armour
  3225 | D:4      | Reached XP level 7. HP: 39/60 MP: 6/6
  4083 | D:5      | Entered Level 5 of the Dungeon
  4091 | D:5      | Reached skill level 6 in Axes
  4165 | D:5      | Noticed an eight-headed hydra
  4166 | D:5      | Found Hafiw's Hydra Hut.
  4166 | D:5      | Noticed Menkaure
  5231 | D:6      | Reached skill level 5 in Shields
  5372 | D:6      | Reached XP level 8. HP: 35/67 MP: 7/7
  6139 | D:5      | Killed Menkaure
  6140 | D:5      | Reached skill level 7 in Axes
  6469 | D:5      | Noticed an unseen horror
  6477 | D:5      | Killed an unseen horror
  6478 | D:5      | Reached skill level 5 in Fighting
  6769 | D:7      | Found a huge runed translucent gate.
  6771 | D:7      | Found a huge runed translucent gate.
  6771 | D:7      | Noticed a polar bear
  6771 | D:7      | Noticed a dream sheep
  6772 | D:7      | Found a huge runed translucent gate.
  6772 | D:7      | Noticed a death yak
  6772 | D:7      | Noticed a manticore
  6772 | D:7      | Noticed a manticore
  6873 | D:7      | Found a huge runed translucent gate.
  6873 | D:7      | Noticed a manticore
  6874 | D:7      | Noticed a polar bear
  6874 | D:7      | Noticed a polar bear
  6875 | D:7      | Noticed a polar bear
  6907 | D:7      | Reached skill level 1 in Stealth
  7101 | D:7      | Found a staircase to the Ecumenical Temple.
  7110 | Temple   | Entered the Ecumenical Temple
  7469 | Temple   | Became a worshipper of Warmaster Okawaru
  7583 | D:7      | Reached skill level 8 in Axes
  7812 | D:7      | Reached XP level 9. HP: 57/74 MP: 8/8
  7838 | D:7      | Reached * piety under Okawaru
  8182 | D:7      | Reached skill level 1 in Invocations
  8687 | D:8      | Reached skill level 9 in Axes
  9052 | D:8      | Reached skill level 5 in Evocations
  9403 | D:8      | Noticed Maggie
  9433 | D:8      | Killed Maggie
  9486 | D:8      | Reached ** piety under Okawaru
  9491 | D:8      | Reached skill level 10 in Axes
 10180 | D:8      | Identified the ring of the Thistle {rC+ MP+9}
 10362 | D:9      | Found a hide-covered altar of Uskayaw.
 10370 | D:9      | Reached XP level 10. HP: 84/84 MP: 10/10
 10389 | D:9      | Noticed Prince Ribbit
 10404 | D:9      | Killed Prince Ribbit
 10961 | D:9      | Noticed Erolcha
 10976 | D:9      | Killed Erolcha
 10976 | D:9      | Reached *** piety under Okawaru
 10977 | D:9      | Reached skill level 11 in Axes
 11818 | D:10     | Entered Level 10 of the Dungeon
 12174 | D:10     | Noticed a gargoyle
 12177 | D:10     | Killed a gargoyle
 12177 | D:10     | Reached **** piety under Okawaru
 12762 | D:10     | Found a staircase to the Lair.
 13339 | D:11     | Found a runed translucent door.
 13413 | D:11     | Reached XP level 11. HP: 92/92 MP: 12/12
 13815 | D:11     | Received a gift from Okawaru
 14299 | D:12     | Noticed a brown ugly thing
 14311 | D:12     | Killed a brown ugly thing
 14312 | D:12     | Reached skill level 12 in Axes
 14312 | D:12     | Reached skill level 5 in Dodging
 14933 | D:12     | Found a staircase to the Orcish Mines.
 15251 | D:12     | Reached ***** piety under Okawaru
 16234 | D:12     | Noticed Sonja
 16241 | D:12     | Killed Sonja
 16241 | D:12     | Identified the +9 broad axe of the Butterfly {vorpal, rCorr
                  | Dex+4} (Okawaru gifted it to you on level 12 of the
                  | Dungeon)
 16241 | D:12     | Received a gift from Okawaru
 16537 | D:12     | Found a glowing golden altar of the Shining One.
 16580 | D:12     | Noticed Kirke
 17016 | D:12     | HP: 6/142 [something (7)]
 17017 | D:12     | Demolished by a manticore

Illustrated notes

Levels and vault maps discovered:
D:1:      erik_arrival_triangle_medium, layout_loops_ring,
          shapermc_ecumenical_altar_mp_ritualfount, serial_shops, shop
D:2:      layout_loops_ring
D:3:      layout_basic
D:4:      layout_basic, kennysheep_orc_sif_temple, gammafunk_ghost_mausoleum
D:5:      layout_layer_cave, doesnt_shop_hydraphobe, uniq_menkaure
D:6:      layout_loops_ring
D:7:      lemuel_bear_cage, layout_basic, temple_statues
D:8:      layout_loops_ring, special_room [special_room_orc],
          corexii_corridor_pit, minivault_10, uniq_maggie
D:9:      layout_roguey, eat_drink_and_be_merry_uskayaw, blue_anna_alchemist,
          uniq_prince_ribbit1, uniq_erolcha
D:10:     layout_basic, grunt_lair_entry_orc_guard_hut
D:11:     layout_cave_pods, minmay_misc_feat_alley, lightli_church_of_beogh
D:12:     layout_layer_cave, orc_0_dummy, special_room [special_room_bee],
          tso_metal_star, uniq_sonja, uniq_kirke
Temple:   mainiacjoe_temple_big_plus

Skill      XL: |  1  2  3  4  5  6  7  8  9 10 11 |
---------------+----------------------------------+-----
Fighting       | 4 5 6 7 8 |  8.5
Armour         | 4 5 6 7 8 |  8.9
Axes           | 3 4 5 6 8 10 11 12 | 12.9
Shields        | 4 5 6 7 |  7.3
Evocations     | 1 2 3 4 5 6 |  6.2
Dodging        | 1 2 3 4 5 |  5.6
Stealth        | 1 2 3 4 |  4.4
Invocations    | 2 3 4 |  4.4

Action                   |  1- 3 |  4- 6 |  7- 9 | 10-12 || total
-------------------------+-------+-------+-------+-------++-------
Melee: War axe           |    49 |   103 |   288 |   299 ||   739
       Headbutt          |     8 |    14 |    60 |    68 ||   150
       Unarmed           |       |       |       |    18 ||    18
       Broad axe         |       |       |       |     8 ||     8
Invok: Heroism           |       |       |       |     3 ||     3
Evoke: Wand              |       |       |    10 |     3 ||    13
  Use: Scroll            |     3 |     5 |     6 |    12 ||    26
       Potion            |       |     1 |     1 |    15 ||    17
 Stab: Paralysed         |       |       |       |     3 ||     3
Armor: Scale mail        |    23 |    40 |    33 |       ||    96
       Plate armour      |       |       |    85 |   149 ||   234
Dodge: Dodged            |    16 |    39 |    68 |   179 ||   302
Block: Buckler           |    23 |    38 |   156 |   203 ||   420
       Reflection        |     1 |       |     4 |     7 ||    12
       Other             |       |       |       |     3 ||     3
